AoeStats
← [KMNB] Bandeira

MegaRandom

508266232Analyzed
3v3 RM · 12d ago on Sep 21, 2026· 63m 16s· 6 players
Game mode
Random Map
Map size
Normal (6 player)
Population
200
Speed
Normal
Resources
Standard
Victory
Conquest
Starting age
Dark Age
Ending age
Imperial Age
RankedLock teamsTeams togetherTeam positionsShared explorationLock speedFull tech treeHidden civsTurbo modeCheats
Victory
Defeat
🇧🇷 Vikings · Brazil
1487
+14
🇧🇷 Franks · Brazil
1480
+15
🇧🇷 Italians · Brazil
1426
+17
🇪🇸 Britons · Spain
1495
-18
🇷🇺 Mongols · Russia
1428
-14
🇮🇳 Malay · India
1418
-14
[KMNB] Bandeira
3:07 Loom
11:14 Feudal Age
12:22 Double-Bit Axe
20:24 Castle Age
19:04 Forging
19:00 Scale Barding Armor
18:48 Gold Mining
22:14 Husbandry
22:41 Chain Barding Armor
22:57 Iron Casting
24:27 Wheelbarrow
29:48 Bow Saw
41:26 Imperial Age
41:30 Cavalier
44:01 Plate Barding Armor
44:27 Blast Furnace
45:20 Hand Cart
45:19 Paladin
51:40 Light Cavalry
53:21 Conscription
[KMNB] Dedão
4:16 Loom
11:26 Feudal Age
12:20 Double-Bit Axe
16:20 Wheelbarrow
19:39 Castle Age
17:33 Fletching
17:47 Horse Collar
18:08 Gold Mining
20:33 Medium Warships
20:27 Bodkin Arrow
20:55 Bow Saw
23:03 Ballistics
26:12 Clinker Construction
26:16 Careening
26:32 Town Watch
31:34 Stone Mining
31:51 Padded Archer Armor
35:21 Imperial Age
33:10 Hand Cart
40:14 Two-Man Saw
40:03 Bracer
39:49 Elite Genoese Crossbowman
41:39 Conscription
45:31 Leather Archer Armor
45:32 Heavy Plow
47:11 Ring Archer Armor
46:52 Forging
46:48 Scale Barding Armor
48:12 Chemistry
49:30 Bloodlines
49:20 Husbandry
49:37 Light Cavalry
50:40 Chain Barding Armor
51:00 Town Patrol
50:56 Hussar
54:37 Plate Barding Armor
54:38 Iron Casting
63:32 Blast Furnace
[KMNB] Galodoido
3:59 Loom
11:51 Feudal Age
15:49 Castle Age
14:03 Double-Bit Axe
14:27 Horse Collar
17:23 Bow Saw
17:10 Fishing Lines
17:19 Fishing Lines
17:59 Fletching
19:48 Bodkin Arrow
21:14 Ballistics
25:20 Heavy Plow
25:33 Crossbowman
27:34 Padded Archer Armor
33:23 Leather Archer Armor
33:28 Gold Mining
33:21 Treadmill Crane
35:40 Fishing Lines
39:11 Imperial Age
36:51 Heated Shot
38:18 Masonry
39:01 Gold Shaft Mining
38:16 Stone Mining
39:14 Arbalester
39:55 Bracer
40:07 Bogsveigar
42:34 Chemistry
42:17 Ring Archer Armor
42:02 Elite Longship
43:04 Conscription
43:35 Careening
43:35 Clinker Construction
43:42 Careening
44:43 Dry Dock
44:47 Gillnets
46:26 Architecture
48:10 Two-Man Saw
47:42 Crop Rotation
50:58 Clinker Construction
52:53 Carvel Hull
53:14 Caravan
55:45 Elite Skirmisher
57:05 Hoardings
59:08 Elite Cannon Galleon
60:17 Capped Ram
Sauron_ator
12:12 Feudal Age
16:07 Castle Age
14:28 Double-Bit Axe
14:35 Gold Mining
17:09 Bow Saw
16:42 Horse Collar
17:15 Loom
19:38 Crossbowman
20:29 Fletching
22:12 Bodkin Arrow
29:19 Ballistics
32:12 Pikeman
33:34 Wheelbarrow
38:56 Imperial Age
40:43 Bracer
40:14 Elite Skirmisher
41:31 Town Watch
42:07 Padded Archer Armor
43:10 Chemistry
43:30 Leather Archer Armor
45:11 Conscription
45:23 Ring Archer Armor
44:43 Elite Longbowman
46:06 Medium Warships
47:32 Heavy Warships
47:22 Careening
49:41 Dry Dock
50:53 Halberdier
51:34 Squires
51:20 Gambesons
51:36 Scale Mail Armor
51:46 Forging
54:26 Yeomen
55:30 Chain Mail Armor
55:50 Iron Casting
57:20 Warwolf
57:34 Masonry
57:30 Siege Engineers
59:42 Hoardings
58:36 Man-at-Arms
59:13 Long Swordsman
60:55 Two-Handed Swordsman
63:01 Champion
snek_fan
5:23 Loom
13:51 Feudal Age
19:07 Castle Age
19:33 Medium Warships
21:55 Double-Bit Axe
27:34 Fletching
28:39 Wheelbarrow
33:29 Gold Mining
33:01 Pikeman
34:25 Horse Collar
37:07 Bodkin Arrow
37:40 Town Watch
42:00 Imperial Age
39:18 Town Watch
40:39 Clinker Construction
40:49 Ballistics
40:12 Treadmill Crane
42:06 Gold Shaft Mining
43:34 Chemistry
43:06 Conscription
44:57 Hand Cart
44:42 Town Patrol
47:21 Heavy Warships
47:46 Careening
47:57 Carvel Hull
52:36 Treadmill Crane
53:06 Masonry
52:52 Murder Holes
58:30 Bracer
58:38 Siege Engineers
59:55 Stone Mining
61:36 Forging
SpokenWhisper
10:41 Feudal Age
14:52 Castle Age
13:32 Double-Bit Axe
13:35 Horse Collar
17:34 Loom
21:38 Wheelbarrow
23:19 Bow Saw
24:33 Heavy Plow
24:28 Stone Mining
24:28 Gold Mining
24:34 Fletching
25:42 Medium Warships
25:39 Bodkin Arrow
26:22 Clinker Construction
26:24 Careening
28:06 Ballistics
28:57 Hand Cart
30:40 Forging
31:40 Gold Shaft Mining
31:40 Stone Shaft Mining
36:00 Imperial Age
34:41 Iron Casting
34:11 Scale Barding Armor
36:44 Chain Barding Armor
38:40 Heavy Warships
38:35 Bloodlines
38:25 Husbandry
37:46 Elite Steppe Lancer
39:27 Blast Furnace
38:30 Bracer
43:15 Light Cavalry
45:06 Hussar
48:23 Padded Archer Armor
48:07 Elite Skirmisher
48:52 Thumb Ring
49:13 Parthian Tactics
55:17 Conscription
Connection lost

Rejoining the realm…

Still unreachable

The connection could not be restored.

Session expired

The server has moved on; the page needs a fresh start.